 Dungeon Crawl Stone Soup version 0.31.0-32-g396128a36d (webtiles) character file.

Game seed: 159742282128409834

1850 Curundu the Cleaver (level 8, -2/73 HPs)
             Began as a Minotaur Berserker on Mar 25, 2024.
             Was an Elder of Trog.
             Slain by a hornet (8 damage)
             ... on level 6 of the Dungeon.
             The game lasted 00:14:09 (5550 turns).

Curundu the Cleaver (Minotaur Berserker)            Turns: 5550, Time: 00:14:09

Health: -2/73      AC:  8    Str: 23    XL:     8   Next: 88%
Magic:  7/7        EV: 10    Int:  4    God:    Trog [****..]
Gold:   381        SH:  0    Dex: 11    Spells: 7/7 levels left

rFire   . . .        w - +0 broad axe (heavy)
rCold   . . .        (no shield)
rNeg    . . .        h - +1 chain mail
rPois   +            (helmet restricted)
rElec   .            (no cloak)
rCorr   .            (no gloves)
SInv    .            y - +0 pair of boots
Will    ++...        (no amulet) Stlth
                     j - ring of poison resistance
HPRegen 1.32/turn    (no ring)
MPRegen 0.10/turn

%: no passive effects
@: lethally poisoned (-2 -> -3), strong-willed (expiring), corroded,
regenerating (expiring), slowed, very slow
A: horns 2, retaliatory headbutt
a: Renounce Religion, Berserk, Trog's Hand, Brothers in Arms


You were on level 6 of the Dungeon.
You worshipped Trog.
Trog was greatly pleased with you.
You visited 1 branch of the dungeon, and saw 6 of its levels.

You collected 381 gold pieces.

Inventory:

Hand Weapons
 w - a +0 heavy broad axe (weapon)
Missiles
 s - 2 throwing nets
Armour
 h - a +1 chain mail (worn)
 y - a +0 pair of boots (worn)
Jewellery
 a - an amulet of regeneration
 g - a ring of resist corrosion
 j - a ring of poison resistance (left hand)
 m - a +6 ring of dexterity
Wands
 p - a wand of iceblast (4)
Scrolls
 c - 2 scrolls of fog
 d - 5 scrolls of identify
 f - 4 scrolls of teleportation
 i - 2 scrolls of noise {unknown}
 k - a scroll of vulnerability {unknown}
 l - 2 scrolls of poison {unknown}
Potions
 b - 2 potions of lignification
 e - a potion of invisibility
 n - 3 potions of curing
 o - a potion of degeneration {unknown}
 q - 2 potions of resistance
 r - a potion of attraction {unknown}
 t - 4 potions of haste {unknown}
 u - a potion of heal wounds {unknown}
 v - a potion of enlightenment {unknown}
 x - 2 potions of might {unknown}


   Skills:
 + Level 7.1 Fighting
 + Level 10.0 Axes
 + Level 7.2 Armour
 + Level 4.2 Dodging
 + Level 0.5 Stealth


You had 7 spell levels left.
You didn't know any spells.
Your spell library was empty.

Dungeon Overview and Level Annotations

Branches:
Dungeon (6/15)             Temple (0/1) D:4

Altars:
Gozag
Nemelex Xobeh
Uskayaw
Vehumet

Shops:
D:5 :

Annotations:
D:4 Natasha


Innate Abilities, Weirdness & Mutations

You have a pair of horns on your head.
You reflexively headbutt those who attack you in melee.


Message History

The electric eel shoots out a bolt of lightning at you!
The bolt of electricity misses you.
The electric eel shoots out a bolt of lightning at you!
The bolt of electricity hits you!
The electric eel shoots out a bolt of lightning at you!
The bolt of electricity hits you.
You hear a shout!
The electric eel shoots out a bolt of lightning at you!
The bolt of electricity hits you!
The electric eel shoots out a bolt of lightning at you!
The bolt of electricity hits you!
There is a large open door here.
The electric eel shoots out a bolt of lightning at you!
The bolt of electricity hits you!
The hornet stings you but does no damage.
The hornet stings you.
You closely miss the hornet. The hornet closely misses you.
The hornet stings you.
You hit the hornet but do no damage. The hornet stings you!
The hornet closely misses you. You furiously retaliate!
You headbutt the hornet! The hornet stings you.
You are poisoned.
You feel yourself slow down. The jelly barely misses you.
You barely miss the hornet.
The hornet is moderately wounded.
You slash the jelly! The acid corrodes you!
Your hands burn!
* * * LOW HITPOINT WARNING * * *
You feel the effects of Trog's Hand fading.
You feel very sick.
The hornet stings you but does no damage.
The hornet stings you.
* * * LOW HITPOINT WARNING * * *
You feel as though you will be slow longer.
The jelly hits you.
* * * LOW HITPOINT WARNING * * *
You are splashed with acid!
* * * LOW HITPOINT WARNING * * *
The hornet closely misses you. The jelly hits you but does no damage.
The hornet stings you!
You die...

~~~~~~~######..# #.#
~~~~~~~~## ###.###.#
~~~~~~~~~###....#..##
~~~~~~~~~~##.##.....#
~~~~~~~~~~##.##.....#
..8~~~~~~~##.##>....#
#........'.<###....#
#......o.yJ## #....#
..8~~~~~~~#@####....#
~o~~~J~~~~#....#....#
~~~~~S~~~~####.#....#
###### ~~~~~~~~~##
#.# #..... ~S~~~~~~##
#.# #[#### ~~~~~~~##
#.# #.# # ~~~~~~#
#.########.# #
#..........# #
###############


You could see a hornet, a jelly and an orc.

Vanquished Creatures
  Maggie (D:6)
  A water moccasin (D:5)
  An ice beast (D:5)
  2 ogres (D:5)
  2 kobold brigands (D:4)
  A bullfrog (D:6)
  3 scorpions
  A howler monkey (D:5)
  A bombardier beetle (D:4)
  A jelly (D:5)
  4 orc priests
  3 hounds
  Jessica (D:3)
  3 iguanas
  3 orc wizards
  A sleepcap (D:5)
  Natasha (twice) (D:4)
  11 gnolls
  6 adders
  2 dart slugs
  A ribbon worm (D:2)
  10 orcs
  5 ball pythons
  6 endoplasms
  4 goblins
  16 hobgoblins
  4 jackals (D:5)
  4 quokkas
  3 bats
  2 frilled lizards
  44 kobolds
  4 rats
153 creatures vanquished.

Notes
Turn   | Place    | Note
-------+----------+-------------------------------------------
     0 | D:1      | Curundu the Minotaur Berserker began the quest for the Orb.
     0 | D:1      | Reached XP level 1. HP: 19/19 MP: 0/0
   255 | D:1      | Reached XP level 2. HP: 27/27 MP: 1/1
   291 | D:1      | Reached skill level 4 in Axes
   521 | D:1      | Found a faded altar of an unknown god.
  1044 | D:2      | Reached ** piety under Trog
  1286 | D:2      | Reached XP level 3. HP: 27/33 MP: 2/2
  1586 | D:3      | Noticed Jessica
  1599 | D:3      | Killed Jessica
  1766 | D:3      | Reached XP level 4. HP: 23/41 MP: 3/3
  1770 | D:3      | Reached skill level 5 in Axes
  1777 | D:3      | Reached XP level 5. HP: 15/47 MP: 4/4
  1989 | D:3      | Noticed a +0 short sword
  1989 | D:3      | Noticed a +0 short sword
  1989 | D:3      | Noticed a +0 falchion
  1989 | D:3      | Noticed a +0 spear
  1990 | D:3      | Noticed a +0 dagger
  1990 | D:3      | Noticed a +0 dagger
  1990 | D:3      | Noticed a +0 falchion
  1990 | D:3      | Noticed a +0 spear
  2025 | D:3      | Reached skill level 5 in Fighting
  2123 | D:3      | Found a radiant altar of Vehumet.
  2318 | D:3      | Found a hide-covered altar of Uskayaw.
  2566 | D:4      | Reached XP level 6. HP: 51/56 MP: 5/5
  2631 | D:4      | Noticed Natasha
  2636 | D:4      | Killed Natasha
  2637 | D:4      | Reached skill level 6 in Axes
  2828 | D:4      | Found a staircase to the Ecumenical Temple.
  3132 | D:4      | Reached *** piety under Trog
  3235 | D:4      | Reached XP level 7. HP: 52/62 MP: 6/6
  3243 | D:4      | Reached skill level 7 in Axes
  3436 | D:4      | Noticed Natasha
  3440 | D:4      | Killed Natasha
  3441 | D:4      | Reached skill level 5 in Armour
  3538 | D:4      | Noticed Natasha
  3555 | D:5      | Entered Level 5 of the Dungeon
  3610 | D:5      | Reached skill level 8 in Axes
  3629 | D:5      | Reached XP level 8. HP: 37/70 MP: 7/7
  3882 | D:5      | Reached skill level 9 in Axes
  4111 | D:5      | Reached **** piety under Trog
  4215 | D:5      | Found an opulent altar of Gozag.
  4215 | D:5      | Found a sparkling altar of Nemelex Xobeh.
  4476 | D:5      | Found Arov's Vocational Training.
  5082 | D:6      | Noticed Maggie
  5099 | D:6      | Killed Maggie
  5100 | D:6      | Reached skill level 10 in Axes
  5540 | D:6      | Noticed a hornet
  5550 | D:6      | Slain by a hornet

Illustrated notes

Levels and vault maps discovered:
D:1:      eino_arrival_druids_welcome, layout_loops_corners,
          dreamdust_ecumenical_altar_angels_and_demons
D:2:      layout_rooms
D:3:      layout_rooms, vehumet_crystals, nicolae_uskayaw_en_pointe,
          serial_glass, glass_columns_a, glass_columns_b, uniq_jessica
D:4:      minmay_goblin_kobold_castle, layout_gridville,
          minmay_temple_entry_glassed_door, nicolae_elevator_lobby_plus,
          uniq_natasha
D:5:      layout_loops_corners, grunt_temple_overflow_opulence,
          nicolae_shop_vocational
D:6:      kennysheep_big_flooded_room, layout_basic,
          kennysheep_okawaru_gauntlet, uniq_maggie

Skill      XL: |  1  2  3  4  5  6  7  8 |
---------------+-------------------------+-----
Axes           | 4 5 6 8 10 | 10.0
Fighting       | 4 5 6 7 |  7.1
Armour         | 3 4 5 7 |  7.2
Dodging        | 3 4 |  4.2
Stealth        | |  0.5

Action                     |  1- 3 |  4- 6 |  7- 9 || total
---------------------------+-------+-------+-------++-------
  Melee: Hand axe          |    78 |   111 |   117 ||   306
         Headbutt          |     9 |    15 |    28 ||    52
         Punch             |     1 |       |     1 ||     2
         Broad axe         |       |       |    33 ||    33
 Invoke: Trog's Hand       |     2 |     1 |     4 ||     7
         Berserk           |       |     2 |     2 ||     4
    Use: Scroll            |       |       |     7 ||     7
 Armour: Animal skin       |    17 |       |       ||    17
         Chain mail        |    29 |   102 |   138 ||   269
  Dodge: Dodged            |    37 |    68 |    71 ||   176
